 Dungeon Crawl Stone Soup version 0.25-a0-517-gf8b3a32422 (webtiles) character file.

Game seed: 12228099670769265072, levelgen mode: deterministic

28 drasked the Caller (level 3, -3/19 HPs)
             Began as a Deep Elf Summoner on Feb 17, 2020.
             Slain by a gnoll
             ... wielding a +0 whip
              (6 damage)
             ... on level 2 of the Dungeon.
             The game lasted 00:04:01 (1951 turns).

drasked the Caller (Deep Elf Summoner)              Turns: 1951, Time: 00:04:01

Health: -3/19      AC:  2    Str:  5    XL:     3   Next: 0%
Magic:  4/9        EV: 13    Int: 20    God:
Gold:   45         SH:  0    Dex: 15    Spells: 7/8 levels left

rFire    . . .     SeeInvis .   d - +0 hand axe
rCold    . . .     Gourm    .   (no shield)
rNeg     . . .     Faith    .   a - +0 robe
rPois    .         Spirit   .   (no helmet)
rElec    .         Reflect  .   (no cloak)
rCorr    .         Harm     .   (no gloves)
MR       .....                  (no boots)
Stlth    ++........             (no amulet)
HPRegen  0.06/turn              (no ring)
MPRegen  0.11/turn              (no ring)

@: no status effects
A: no striking features
a: no special abilities


You were on level 2 of the Dungeon.
You were not hungry.

You visited 1 branch of the dungeon, and saw 2 of its levels.

You collected 45 gold pieces.

Inventory:

Hand Weapons
 d - a +0 hand axe (weapon)
   (You found it on level 1 of the Dungeon)
Missiles
 m - 11 poisoned darts
 Q - 5 stones (quivered)
Armour
 a - a +0 robe (worn)
Jewellery
 g - a +1 ring of evasion {unknown}
   (You found it on level 1 of the Dungeon)
 l - an uncursed ring of wizardry {unknown}
   (You found it on level 2 of the Dungeon)
Scrolls
 f - 3 scrolls of identify {unknown}
 i - a scroll of enchant weapon {unknown}
 n - a scroll of random uselessness {unknown}
 o - a scroll of remove curse {unknown}
Potions
 b - a potion of invisibility {unknown}
 c - a potion of heal wounds {unknown}
 h - 2 potions of lignification {unknown}
 j - a potion of curing {unknown}
 k - a potion of haste {unknown}
 p - a potion of agility {unknown}
Comestibles
 e - 5 rations


   Skills:
 - Level 2.4 Dodging
 - Level 2.4 Stealth
 - Level 3.0 Spellcasting
 + Level 5.5 Summonings


You had 7 spell levels left.
You knew the following spells:

 Your Spells              Type           Power        Failure   Level  Hunger
a - Summon Small Mammal   Summ           ####         1%          1    None

Your spell library contained the following spells:

 Spells                   Type           Power        Failure   Level  Hunger
 Call Imp                 Summ           ####....     2%          2    ##.....
 Call Canine Familiar     Summ           ####....     4%          3    ###....
 Summon Guardian Golem    Hex/Summ       ##......     14%         3    ###....
 Summon Ice Beast         Ice/Summ       ##......     41%         4    ####...
 Summon Lightning Spire   Summ/Air       ##......     41%         4    ####...


Dungeon Overview and Level Annotations

Branches:
Dungeon (2/15)

Altars:


Message History

The rat barely misses you. The kobold completely misses you.
The rat misses you. The kobold closely misses you. The rat misses you.
The kobold misses you.
You swap places.
The rat bites you. The rat closely misses your bat.
The kobold hits your bat with a +0 dagger.
The rat twitches its whiskers.
The rat closely misses your bat.
The rat dies!
The kobold closely misses you.
You swap places.
The kobold barely misses your quokka.
The kobold dies!
You start resting.
Your quokka disappears in a puff of smoke! x2
You start resting.
Things that are here:
a +0 dagger; a kobold corpse
There is an open door here.
You open the door.
A hobgoblin comes into view. It is wielding a +0 club.
There is an open door here.
A hobgoblin is nearby!
A hobgoblin is nearby!
A hobgoblin is nearby!
The hobgoblin shouts!
You swap places.
The hobgoblin hits your quokka with a +0 club.
The hobgoblin hits your rat with a +0 club.
Your rat dies!
Your rat's corpse disappears in a puff of smoke!
The hobgoblin dies!
You swap places.
There is an open door here.
You swap places.
You start resting.
You swap places.
Your quokka disappears in a puff of smoke!
There is an open door here.
You open the door. 2 gnolls come into view.
There are monsters nearby!
There are monsters nearby!
What are your orders? t - Shout!
Orders for allies: a - Attack new target. r - Retreat! s - Stop attacking. g - Guard the area. f - Follow me.
Anything else - Cancel.
Gang up on whom?
Aim: a gnoll, wielding a +0 spear (resting) Attack!
Your quokka disappears in a puff of smoke!
The gnoll shouts!
The gnoll barely misses your quokka.
You hear a shout!
The gnoll hits your quokka with a +0 spear!
Your quokka dies!
Your quokka's corpse disappears in a puff of smoke!
A gnoll comes into view. It is wielding a +0 halberd.
The gnoll shouts!
You miscast Summon Small Mammal.
You are very lightly contaminated with residual magic.
Nothing appears to happen.
A gnoll comes into view. It is wielding a +0 whip.
The gnoll closely misses your quokka.
The gnoll dies!
You have reached level 3!
Your experience leads to an increase in your attributes!
Increase (S)trength, (I)ntelligence, or (D)exterity?
You feel clever.
A hobgoblin comes into view. It is wielding a +0 club.
The gnoll hits your quokka with a +0 halberd.
What are your orders? t - Shout!
Orders for allies: a - Attack new target. r - Retreat! s - Stop attacking. g - Guard the area. f - Follow me.
Anything else - Cancel.
Gang up on whom?
Aim: a gnoll, wielding a +0 whip Attack!
The gnoll hits your quokka with a +0 whip!
Your quokka dies!
Your quokka's corpse disappears in a puff of smoke!
The gnoll hits your quokka with a +0 halberd!
Your quokka dies!
Your quokka's corpse disappears in a puff of smoke!
There is an open door here.
Your magical contamination has completely faded away.
The gnoll closely misses you. The gnoll barely misses you.
You hit the gnoll. The gnoll misses you.
The hobgoblin hits your quokka with a +0 club.
The gnoll hits you with a +0 whip!
* * * LOW HITPOINT WARNING * * *
The hobgoblin barely misses your quokka.
The gnoll hits you with a +0 whip!
* * * LOW HITPOINT WARNING * * *
The hobgoblin misses your quokka. The gnoll hits you with a +0 whip.
You die...

##### ....# ####### ###.#
#...... ....# ##### ......#
##..# #...###....... ##..#
#...rg@..#... ##..#
##..g###r##..# ....#
##.#.#.##.##..# .#.##
#.#..##.#...).# ...#
#..##.######'## .### ##.#.##
##...## .# ##..## ##.....## .#
###..######..b....##
.#######..#....##g........####g.


You could see a gnoll, a hobgoblin and 2 friendly quokkas.

Levels and vault maps discovered:
D:1:      wander_arrival_peaceful_grave, layout_loops_cross, serial_bayou,
          serial_bayou_lake_a, serial_bayou_pond_e, serial_bayou_pond_a,
          serial_bayou_crossing, minmay_pentomino_w2
D:2:      layout_loops_corners, lemuel_coloured_pillars_altar

Notes
Turn   | Place    | Note
-------+----------+-------------------------------------------
     0 | D:1      | drasked the Deep Elf Summoner began the quest for the Orb.
     0 | D:1      | Reached XP level 1. HP: 10/10 MP: 6/6
    27 | D:1      | Identified a +0 hand axe (You found it on level 1 of the
                  | Dungeon)
    96 | D:1      | Identified a cursed -2 short sword
   338 | D:1      | Identified a +0 short sword
   353 | D:1      | HP: 2/10 [kobold/+0 short sword (6)]
   620 | D:1      | Identified a +0 club
   799 | D:1      | Reached XP level 2. HP: 15/15 MP: 4/8
  1027 | D:1      | Reached skill level 5 in Summonings
  1097 | D:1      | Identified a +0 dagger
  1102 | D:1      | Identified a +0 dagger
  1808 | D:2      | Identified a +0 dagger
  1874 | D:2      | Identified a +0 club
  1907 | D:2      | Identified a +0 spear
  1907 | D:2      | Identified a +0 spear
  1915 | D:2      | Identified a +0 halberd
  1918 | D:2      | Identified a +0 whip
  1918 | D:2      | Reached XP level 3. HP: 19/19 MP: 6/9
  1924 | D:2      | Identified a +0 club
  1950 | D:2      | HP: 3/19 [gnoll/+0 whip (8)]
  1951 | D:2      | Slain by a gnoll

Table legend:
 A = Turns spent in this place as a percentage of turns spent in the entire game.
 B = Non-inter-level travel turns spent in this place as a percentage of non-inter-level travel turns spent in the entire game.
 C = Inter-level travel turns spent in this place as a percentage of turns spent in this place.
 D = Turns resting spent in this place as a percentage of non-inter-level travel turns spent in this place.
 E = Turns spent auto-exploring this place as a percentage of non-inter-level travel turns spent in this place.
 F = Non-inter-level travel turns spent in this place divided by the number of levels of this place that you've seen.
                   A       B       C       D       E      F
               +-------+-------+-------+-------+-------+----------------------
         Total | 100.0 | 100.0 |   1.6 |  33.7 |  43.5 | 960.0
       Dungeon | 100.0 | 100.0 |   1.6 |  33.7 |  43.5 | 960.0
               +-------+-------+-------+-------+-------+----------------------

Table legend:
 A = Kills in this place as a percentage of kills in entire the game.
 B = Kills by you in this place as a percentage of kills by you in the entire game.
 C = Kills by friends in this place as a percentage of kills by friends in the entire game.
 D = Other kills in this place as a percentage of other kills in the entire game.
 E = Experience gained in this place as a percentage of experience gained in the entire game.
 F = Experience gained in this place divided by the number of levels of this place that you have seen.
                   A       B       C       D       E      F
               +-------+-------+-------+-------+-------+----------------------
         Total | 100.0 |   N/A | 100.0 |   N/A | 100.0 |  20.5
       Dungeon | 100.0 |   N/A | 100.0 |   N/A | 100.0 |  20.5
               +-------+-------+-------+-------+-------+----------------------

Skill      XL: |  1  2 |
---------------+-------+-----
Summonings     | 5 |  5.5
Dodging        | |  2.4
Stealth        | |  2.4
Spellcasting   | |  3.0

Action                   || total
-------------------------++-------
Melee: Hand axe          ||    10
       Unarmed           ||     1
 Cast: Summon Small Mamm ||    70
  Eat: Chunk             ||     3
Armor: Robe              ||    10
Dodge: Dodged            ||    45

Vanquished Creatures (collateral kills)
  An adder (D:2)
  A gnoll (D:2)
  A worm (D:2)
  5 bats (D:1)
  3 giant cockroaches (D:1)
  A goblin (D:1)
  3 hobgoblins
  3 kobolds
  2 ball pythons
  3 frilled lizards (D:1)
  2 rats (D:2)
25 creatures vanquished.
